 Dungeon Crawl Stone Soup version 0.30.1-11-g7821555f0a (webtiles) character file.

Game seed: 9972290557967950220

3612 Destapler the Gusty (level 9, -6/71 HPs)
             Began as a Red Draconian Air Elementalist on Jan 13, 2024.
             Was a Priest of Vehumet.
             Succumbed to Sonja's poison
             ... on level 9 of the Dungeon on Jan 17, 2024.
             The game lasted 01:05:00 (10448 turns).

Destapler the Gusty (DrAE)                         Turns: 10448, Time: 01:05:01

Health: -6/71      AC:  9    Str: 11    XL:     9   Next: 86%
Magic:  17/17      EV: 14    Int: 19    God:    Vehumet [***...]
Gold:   474        SH:  0    Dex: 14    Spells: 5/19 levels left

rFire   + . .        a - staff of air
rCold   . . .        (no shield)
rNeg    . . .        (body armour unavailable)
rPois   .            (helmet restricted)
rElec   +            (no cloak)
rCorr   +            k - +1 pair of gloves of the King of the Hill {Drain Regen+ rCorr Dex+2}
SInv    +            (no boots)
Will    .....        y - amulet of faith
Stlth   +++          l - ring of flight
HPRegen 1.11/turn    r - ring of see invisible
MPRegen 0.15/turn

%: faith
@: lethally poisoned (-6 -> -32), flying, slowed, very slow
A: breathe fire, AC +7, unfitting armour, fire resistance 1, cold-blooded
a: Breathe Fire, Renounce Religion


You were on level 9 of the Dungeon.
You worshipped Vehumet.
Vehumet was most pleased with you.
You visited 2 branches of the dungeon, and saw 11 of its levels.

You collected 474 gold pieces.

Inventory:

Hand Weapons
 b - a +2 dagger of venom
Armour
 k - the +1 pair of gloves of the King of the Hill (worn) {Drain Regen+ rCorr Dex+2}
   (You found it on level 2 of the Dungeon)

   Dex:       It affects your dexterity (+2).
   Regen:     It increases your rate of health regeneration.
   rCorr:     It protects you from acid and corrosion.
   Drain:     It drains your maximum health when unequipped.
Magical Staves
 a - a staff of air (weapon)
Jewellery
 l - a ring of flight (left hand)
 r - a ring of see invisible (right hand)
 y - an amulet of faith (around neck)
 D - a +4 ring of slaying
Wands
 u - a wand of flame (33)
 C - a wand of polymorph (2)
Scrolls
 c - a scroll of poison {unknown}
 d - a scroll of magic mapping {unknown}
 e - 2 scrolls of fear
 f - a scroll of fog
 m - 2 scrolls of teleportation {unknown}
 n - a scroll of enchant armour {unknown}
 q - a scroll of torment {unknown}
 v - a scroll of immolation {unknown}
 x - a scroll of silence {unknown}
 A - a scroll of enchant weapon {unknown}
 B - 4 scrolls of identify
 E - a scroll of noise {unknown}
Potions
 g - 2 potions of ambrosia
 h - 2 potions of lignification
 i - 3 potions of heal wounds {unknown}
 j - a potion of haste {unknown}
 o - 3 potions of flight
 p - 3 potions of mutation {unknown}
 s - a potion of brilliance {unknown}
 t - 5 potions of curing
 w - a potion of might {unknown}
 z - a potion of attraction {unknown}


   Skills:
 - Level 4.0 Fighting
 - Level 4.0 Staves
 + Level 4.9 Dodging
 - Level 4.0 Stealth
 + Level 5.6 Spellcasting
 - Level 4.0 Conjurations
 + Level 2.5 Translocations
 - Level 6.0 Fire Magic
 - Level 6.0 Air Magic
 - Level 4.0 Evocations


You had 5 spell levels left.
You knew the following spells:

 Your Spells              Type           Power      Damage    Failure   Level
a - Shock                 Conj/Air       100%       1d9       1%          1
b - Static Discharge      Conj/Air       72%        2-5/arc   1%          2
c - Foxfire               Conj/Fire      96%        2x1d8     1%          1
d - Swiftness             Air            42%        N/A       3%          3
e - Airstrike             Air            21%        2d(3-19)  2%          4
f - Volatile Blastmotes   Fire/Tloc      42%        2d13      1%          3

Your spell library contained the following spells:

 Spells                   Type           Power      Damage    Failure   Level
 Cigotuvi's Dreadful Rot  Necr/Pois/Air  38%        N/A       8%          2
 Tukima's Dance           Hex            5%         N/A       34%         3
 Passage of Golubria      Tloc           14%        N/A       38%         4
 Yara's Violent Unravell  Hex/Tmut       2%         3d3       58%         5
 Dispel Undead            Necr           5%         3d7       75%         4
 Summon Ice Beast         Ice/Summ       5%         N/A       75%         4
 Blade Hands              Tmut           2%         N/A       97%         5
 Summon Mana Viper        Hex/Summ       5%         N/A       97%         5
 Iron Shot                Conj/Erth      6%         9d2       86%         6
 Death Channel            Necr           2%         N/A       100%        6
 Monstrous Menagerie      Summ           2%         N/A       100%        7
 Animate Armour           Summ/Erth      Unusable   N/A       N/A         4

Dungeon Overview and Level Annotations

Branches:
Dungeon (10/15)            Temple (1/1) D:4            Lair (0/5) D:8
    Orc: D:9-12

Altars:
Ashenzari
Cheibriados
Dithmenos
Elyvilon
Fedhas
Gozag
Hepliaklqana
Kikubaaqudgha
Makhleb
Nemelex Xobeh
Okawaru
Qazlal
Ru
Sif Muna
Trog
Uskayaw
Vehumet
Wu Jian
Xom
Yredelemnul
Zin
The Shining One

Shops:
D:1 =   D:2 :   D:5 *

Annotations:
D:8 exclusions: basilisk, elephant, yak and 3 more exclusions
D:10 Sonja


Innate Abilities, Weirdness & Mutations

You can breathe blasts of fire.
Your fiery red scales are hard. (AC +7)
You cannot fit into any form of body armour.
Your flesh is heat resistant. (rF+)
You are cold-blooded and may be slowed by cold attacks.


Message History

Sonja is lightly wounded.
The foxfire hits Sonja.
Sonja is lightly wounded.
Sonja throws a curare-tipped dart.
The curare-tipped dart hits you.
You are more poisoned.
You have difficulty breathing.
* * * LOW HITPOINT WARNING * * *
You feel yourself slow down.
You feel better.
Sonja gestures wildly while chanting.
Sonja blinks!
Sonja throws a curare-tipped dart.
The curare-tipped dart hits you.
You are poisoned.
You have difficulty breathing.
* * * LOW HITPOINT WARNING * * *
You feel as though you will be slow longer.
You feel very sick.
Sonja throws a curare-tipped dart.
The curare-tipped dart closely misses you.
Sonja gestures wildly while chanting.
Sonja blinks!
You feel very sick.
Sonja throws a curare-tipped dart.
The curare-tipped dart hits you.
You are more poisoned.
You have difficulty breathing.
* * * LOW HITPOINT WARNING * * *
You feel as though you will be slow longer.
There is a stone staircase leading up here.
Magic restored.
You feel extremely sick.
Sonja hits you with a +2 short sword of venom.
* * * LOW HITPOINT WARNING * * *
You are lethally poisoned!
Sonja hits you but does no damage.
You are more poisoned.
Sonja hits you with a +2 short sword of venom.
* * * LOW HITPOINT WARNING * * *
You are more poisoned.
You fly upwards.
You die...

#.# #.# ##########'##
#...........# ##########
#...........# #.........
#...........# #.........
#...........# #.........
#...........# #.....<...
#........@..# #.........
#....(......# #[........
#...........# #.........
#...........##
#.........
#######......#
#......... ######.#
#......... #...#
#.........
#.###############
########.#..............


There were no monsters in sight!

Vanquished Creatures
  3 steam dragons
  An acid dragon (D:8)
  2 ice beasts (D:7)
  An orc warrior (D:9)
  A sky beast (D:7)
  A black bear (D:5)
  An ogre (D:6)
  2 centaurs
  2 phantoms
  3 kobold brigands
  A bullfrog (D:7)
  2 scorpions (D:6)
  A gnoll sergeant (D:8)
  10 wights
  7 killer bees (D:9)
  2 howler monkeys (D:7)
  5 orc priests
  7 hounds
  A gnoll bouda (D:6)
  6 orc wizards
  A sleepcap (D:6)
  14 gnolls
  6 adders
  2 river rats (D:6)
  A white imp (D:5)
  An ufetubus (D:6)
  3 worms
  2 dart slugs
  27 orcs
  3 ball pythons (D:1)
  5 endoplasms
  3 giant cockroaches
  3 hobgoblins
  9 jackals
  2 quokkas
  7 bats
  4 frilled lizards
  9 goblins
  19 kobolds
  5 rats
185 creatures vanquished.

Vanquished Creatures (others)
  23 foxfires
23 creatures vanquished.

Grand Total: 208 creatures vanquished

Notes
Turn   | Place    | Note
-------+----------+-------------------------------------------
     0 | D:1      | Destapler the Draconian Air Elementalist began the quest
                  | for the Orb.
     0 | D:1      | Reached XP level 1. HP: 14/14 MP: 3/3
    69 | D:1      | Reached XP level 2. HP: 17/20 MP: 1/5
   385 | D:1      | Found Gewez's Jewellery Emporium.
   854 | D:1      | Reached XP level 3. HP: 26/26 MP: 5/7
  1365 | D:2      | Found a blossoming altar of Fedhas.
  1957 | D:2      | Found Voffobb's Book Boutique.
  1964 | D:2      | Identified the +1 pair of gloves of the King of the Hill
                  | {Drain Regen+ rCorr Dex+2}
  1976 | D:2      | Learned a level 2 spell: Static Discharge
  2060 | D:2      | Reached XP level 4. HP: 33/33 MP: 3/8
  2568 | D:3      | Reached XP level 5. HP: 33/38 MP: 4/10
  3124 | D:3      | Reached skill level 5 in Air Magic
  3646 | D:3      | Reached XP level 6. HP: 45/45 MP: 9/12
  3722 | D:4      | Found a shimmering altar of Xom.
  3722 | D:4      | Found a shimmering blue altar of Sif Muna.
  3723 | D:4      | Found a burning altar of Makhleb.
  4268 | D:5      | Entered Level 5 of the Dungeon
  4285 | D:4      | Found a staircase to the Ecumenical Temple.
  4290 | Temple   | Entered the Ecumenical Temple
  4355 | Temple   | Became a worshipper of Vehumet
  4456 | D:5      | Found Riotiac's Fire Supplies.
  4521 | D:5      | Reached skill level 1 in Fighting
  4521 | D:5      | Reached skill level 1 in Staves
  4521 | D:5      | Reached skill level 1 in Evocations
  4720 | D:5      | Your scales start taking on a fiery red colour.
  4720 | D:5      | Reached XP level 7. HP: 53/53 MP: 8/13
  4720 | D:5      | Gained mutation: Your flesh is heat resistant. (rF+) [Red
                  | Draconian growth]
  5289 | D:6      | Noticed a steam dragon
  5349 | D:6      | Noticed a steam dragon
  5365 | D:6      | Killed a steam dragon
  5782 | D:6      | Reached XP level 8. HP: 63/63 MP: 9/14
  5845 | D:6      | Reached * piety under Vehumet
  5845 | D:6      | Offered knowledge of Foxfire by Vehumet.
  5881 | D:6      | Learned a level 1 spell: Foxfire
  5885 | D:6      | Learned a level 3 spell: Swiftness
  5890 | D:6      | Learned a level 4 spell: Airstrike
  6957 | D:7      | Reached skill level 1 in Fire Magic
  7078 | D:7      | Identified the +9 dagger of Fear {heavy, Will- Str+5}
  7214 | D:7      | Reached XP level 9. HP: 71/71 MP: 5/15
  7333 | D:7      | Offered knowledge of Kiss of Death by Vehumet.
  7346 | D:7      | Reached ** piety under Vehumet
  7581 | D:7      | Reached skill level 5 in Fire Magic
  8000 | D:8      | Found a staircase to the Lair.
  8000 | D:8      | Noticed an elephant
  8558 | D:8      | Offered knowledge of Volatile Blastmotes by Vehumet.
  8563 | D:8      | Learned a level 3 spell: Volatile Blastmotes
  8641 | D:8      | Reached skill level 5 in Spellcasting
  9325 | D:9      | Reached skill level 1 in Translocations
  9843 | D:9      | Reached *** piety under Vehumet
 10322 | D:10     | Entered Level 10 of the Dungeon
 10322 | D:10     | Noticed a manticore
 10437 | D:10     | Noticed Sonja
 10448 | D:9      | Succumbed to Sonja's poison

Illustrated notes

Levels and vault maps discovered:
D:1:      lightli_arrival_windingriver, layout_basic, serial_shops, shop,
          nicolae_grassy_gnolls
D:2:      layout_loops_ring, serial_shops, nicolae_book_shop_shelving,
          basic_altar, serial_bayou_pond_c
D:3:      layout_basic
D:4:      layout_basic, gammafunk_temple_overflow_claw,
          minmay_temple_entry_from_below_a
D:5:      layout_rooms, nicolae_shop_fire_sale [nicolae_sub_dead_trees],
          grunt_ministairs_14, kennysheep_path_1, kennysheep_generic_room_2
D:6:      kennysheep_steamy, layout_rooms, portal_sewer_entry_a
D:7:      layout_basic
D:8:      layout_cave_pods, david_lair_generic
D:9:      layout_basic
D:10:     layout_long_grid, david_orc_3, uniq_sonja
Temple:   hellmonk_temple_of_storms

Skill      XL: |  1  2  3  4  5  6  7  8  9 |
---------------+----------------------------+-----
Dodging        | 2 3 4 |  4.9
Stealth        | 2 4 |  4.0
Spellcasting   | 3 4 5 |  5.6
Air Magic      | 4 5 6 |  6.0
Fighting       | 1 3 4 |  4.0
Staves         | 1 3 4 |  4.0
Evocations     | 1 3 4 |  4.0
Conjurations   | 2 4 |  4.0
Fire Magic     | 3 6 |  6.0
Translocations | 2 |  2.5

Action                     |  1- 3 |  4- 6 |  7- 9 || total
---------------------------+-------+-------+-------++-------
  Melee: Unarmed           |    18 |       |       ||    18
         Dagger            |     2 |       |       ||     2
         Tailslap          |     1 |     5 |     6 ||    12
         Staff             |     7 |    13 |    51 ||    71
         Punch             |       |       |     1 ||     1
   Cast: Shock             |    77 |   117 |   254 ||   448
         Static Discharge  |       |       |    21 ||    21
         Airstrike         |       |       |     7 ||     7
         Swiftness         |       |       |     2 ||     2
         Foxfire           |       |       |    13 ||    13
         Volatile Blastmot |       |       |     3 ||     3
Ability: Breathe Fire      |       |       |     8 ||     8
    Use: Potion            |     1 |       |     1 ||     2
         Scroll            |       |     4 |     2 ||     6
   Stab: Sleeping          |     2 |       |     1 ||     3
 Armour: Skin              |    15 |    24 |    62 ||   101
  Dodge: Dodged            |    19 |    40 |   131 ||   190
